 Dungeon Crawl Stone Soup version 0.29-a0-998-g1987434951 (webtiles) character file.

Game seed: 5778745114502441846

7 Aramant the Trooper (level 2, -9/27 HPs)
             Began as a Hill Orc Fighter on Aug 5, 2022.
             Killed from afar by Ijyb (10 damage)
             ... with an iceblast
             ... on level 3 of the Dungeon.
             The game lasted 00:01:35 (198 turns).

Aramant the Trooper (Hill Orc Fighter)               Turns: 198, Time: 00:01:36

Health: -9/27      AC:  6    Str: 18    XL:     2   Next: 0%
Magic:  2/2        EV:  9    Int:  8    God:
Gold:   12         SH:  4    Dex: 10    Spells: 1/1 levels left

rFire   . . .      SeeInvis .   a - +0 war axe
rCold   . . .      Faith    .   c - +0 buckler
rNeg    . . .      Spirit   .   b - +0 scale mail
rPois   .          Reflect  .   (no helmet)
rElec   .          Harm     .   (no cloak)
rCorr   .          Rampage  .   (no gloves)
Will    .....                   (no boots)
Stlth   ..........              (no amulet)
HPRegen 0.09/turn               (no ring)
MPRegen 0.08/turn               (no ring)

@: no status effects
A: no striking features
a: no special abilities


You were on level 3 of the Dungeon.
You visited 1 branch of the dungeon, and saw 3 of its levels.

You collected 12 gold pieces.

Inventory:

Hand Weapons
 a - a +0 war axe (weapon)
Armour
 b - a +0 scale mail (worn)
 c - a +0 buckler (worn)
Scrolls
 f - 3 scrolls of blinking {unknown}
Potions
 d - a potion of might
 e - a potion of attraction {unknown}


   Skills:
 + Level 3.9 Fighting
 + Level 2.7 Axes
 + Level 3.3 Armour
 + Level 3.5 Shields


You had one spell level left.
You didn't know any spells.
Your spell library was empty.

Dungeon Overview and Level Annotations

Branches:
Dungeon (3/15)

Altars:

Annotations:
D:3 Ijyb


Message History

You kill the orc!
Found 3 scrolls labelled BIPPYI AFEMUSU.
You see here a +0 club.
f - 3 scrolls labelled BIPPYI AFEMUSU You see here a +0 club.
A kobold comes into view. It is wielding a +0 short sword.
The kobold shouts!
The kobold hits you with a +0 short sword.
You slash the kobold!
You kill the kobold!
You see here a +0 short sword.
You hear the slow rusting of a very distant drain.
You see here a +0 short sword.
You open the door.
There is an open door here.
There is an open door here.
You hear the rusting of a very distant drain.
Ijyb the Twisted Goblin comes into view.
She is wielding a +0 dagger and carrying a wand of iceblast (5).
Ijyb shouts!
Found a quarterstaff.
Ijyb is nearby!
Ijyb zaps a wand.
The mass of ice explodes!
The iceblast engulfs you!
Ouch! That really hurt!
* * * LOW HITPOINT WARNING * * *
You hear a shout!
An endoplasm comes into view.
You block the endoplasm's attack.
You hit the endoplasm.
The endoplasm is severely wounded.
The endoplasm freezes you.
You are frozen.
* * * LOW HITPOINT WARNING * * *
The endoplasm hits you.
* * * LOW HITPOINT WARNING * * *
You slash the endoplasm!
You kill the endoplasm!
Ijyb screams, "It's all mine!"
You have reached level 2!
Ijyb zaps a wand.
The mass of ice explodes!
The iceblast engulfs you!
You die...

###### .. #. .
.....# .. #. .
....# .##. . ....#
...#. #...# ....
#...# .... #@#
###.# #.#########
##.#.#
#.........###.P#.#
#.g...###.##b.b#.#
##....# #..#####.#
#....# #.........
#..).# #..#######
#....# #..#..b..b
#....###..##.P...


You could see Ijyb.

Vanquished Creatures
  An orc (D:3)
  An endoplasm (D:3)
  A goblin (D:3)
  A kobold (D:3)
  A bat (D:2)
5 creatures vanquished.

Notes
Turn   | Place    | Note
-------+----------+-------------------------------------------
     0 | D:1      | Aramant the Hill Orc Fighter began the quest for the Orb.
     0 | D:1      | Reached XP level 1. HP: 19/19 MP: 1/1
   183 | D:3      | Noticed Ijyb
   196 | D:3      | HP: 1/20 [endoplasm (1)]
   198 | D:3      | Reached XP level 2. HP: 1/27 MP: 2/2
   198 | D:3      | Killed from afar by Ijyb

Illustrated notes

Levels and vault maps discovered:
D:1:      wander_arrival_desolate, layout_loops_cross,
          ebering_ecumenical_altar_ruins
D:2:      layout_basic
D:3:      layout_basic, nicolae_elyvilon_temple_path,
          mainiacjoe_overflow_surrounded_room, serial_aquarium,
          aquarium_bridge_square [aquarium_subvault_wall,
          aquarium_subvault_bridge, aquarium_subvault_bridge,
          aquarium_subvault_bridge], aquarium_bridge_square
          [aquarium_subvault_wall, aquarium_subvault_bridge,
          aquarium_subvault_wall, aquarium_subvault_wall], aquarium_window_fake,
          aquarium_window_corridor_1, aquarium_view_2a, aquarium_view_2d,
          aquarium_balcony_double_1, aquarium_pool_corner, portal_sewer_entry_e,
          uniq_ijyb

Action                   || total
-------------------------++-------
Melee: War axe           ||    13
Armor: Scale mail        ||     3
Dodge: Dodged            ||     5
Block: Buckler           ||     2

Table legend: (Time is in decaauts)
 A = Elapsed time spent in this place.
 B = Non-inter-level travel time spent in this place.
 C = Inter-level travel time spent in this place.
 D = Time resting spent in this place.
 E = Time spent auto-exploring this place.
 F = Levels seen in this place.
 G = Mean time per level.
                   A        B        C        D        E       F      G
               +--------+--------+--------+--------+--------+-----+--------+
         Total |    202 |     54 |    148 |      0 |      0 |   3 |   67.3 |
       Dungeon |    202 |     54 |    148 |      0 |      0 |   3 |   67.3 |
               +--------+--------+--------+--------+--------+-----+--------+

Top non-repeatable levels by time:
     D:3: 186 daAuts
     D:2: 14 daAuts
     D:1: 2 daAuts
